 Dungeon Crawl Stone Soup version 0.30-a0-1016-gfb0d676c02 (webtiles) character file.

Game seed: 2719456240342214804

308 Hubris850 the Insei (level 6, -3/39 HPs)
             Began as an Octopode Transmuter on Apr 6, 2023.
             Was a Follower of Makhleb.
             Slain by a gnoll
             ... wielding a +0 flail
              (5 damage)
             ... on level 4 of the Dungeon.
             The game lasted 00:10:44 (3570 turns).

Hubris850 the Insei (Octopode Transmuter)           Turns: 3570, Time: 00:10:44

Health: -3/39      AC:  1    Str:  9    XL:     6   Next: 40%
Magic:  9/10       EV: 14    Int: 17    God:    Makhleb [*.....]
Gold:   107        SH:  0    Dex: 13    Spells: 8/11 levels left

rFire   . . .      SeeInvis .      - Unarmed
rCold   . . .      Faith    .    (no shield)
rNeg    . . .      Spirit   .    (helmet currently unavailable)
rPois   .          Reflect  .    i - amulet of the acrobat
rElec   .          Rampage  .    (no ring)
rCorr   .                        (no ring)
Will    .....                    (no ring)
Stlth   +++                      (no ring)
HPRegen 0.26/turn                (no ring)
MPRegen 0.12/turn                (no ring)
                                 (no ring)
                                 (no ring)

@: appendages (expiring)
A: tentacle spike 3, almost no armour, amphibious, 8 rings, camouflage 1,
gelatinous body 1, nimble swimmer 1, tentacles
a: End Transformation, Renounce Religion


You were on level 4 of the Dungeon.
You worshipped Makhleb.
Makhleb was aware of your devotion.
One of your tentacles had grown a beastly spike.
You visited 1 branch of the dungeon, and saw 4 of its levels.
You also visited: Sewer.

You collected 107 gold pieces.

Inventory:

Hand Weapons
 c - a +0 dagger of flaming
Missiles
 e - 11 poisoned darts
 h - 4 boomerangs
Jewellery
 i - an amulet of the acrobat (around mantle)
Scrolls
 d - 5 scrolls of identify {unknown}
 f - 2 scrolls of fear {unknown}
 g - a scroll of fog {unknown}
 j - a scroll of enchant weapon {unknown}
 l - a scroll of vulnerability {unknown}
 n - a scroll of teleportation {unknown}
 o - 3 scrolls of poison {unknown}
 r - 2 scrolls of magic mapping {unknown}
 s - a scroll of silence {unknown}
Potions
 a - a potion of lignification
 b - 2 potions of might
 k - a potion of attraction {unknown}
 m - 2 potions of experience {unknown}
 p - 7 potions of flight
 q - a potion of heal wounds {unknown}


   Skills:
 - Level 2.0 Fighting
 + Level 3.1 Dodging
 + Level 3.9 Unarmed Combat
 + Level 3.0 Spellcasting
 + Level 3.2 Transmutations
 + Level 2.2 Ice Magic
 + Level 1.2 Invocations


You had 8 spell levels left.
You knew the following spells:

 Your Spells              Type           Power      Damage    Failure   Level
a - Beastly Appendage     Tmut           26%        N/A       4%          1
b - Wereblood             Tmut           13%        N/A       7%          2

Your spell library contained the following spells:

 Spells                   Type           Power      Damage    Failure   Level
 Slow                     Hex            8%         N/A       17%         1
 Spider Form              Tmut/Pois      8%         N/A       26%         3
 Confusing Touch          Hex            2%         N/A       45%         3
 Vampiric Draining        Necr           2%         2d6       45%         3
 Ice Form                 Ice/Tmut       11%        N/A       50%         4
 Cause Fear               Hex            1%         N/A       86%         4
 Dragon Form              Tmut           6%         N/A       100%        7
 Dragon's Call            Summ           1%         N/A       100%        9


Dungeon Overview and Level Annotations

Branches:
Dungeon (4/15)              Sewer (visited)
 Temple: D:4-7

Altars:
Makhleb


Innate Abilities, Weirdness & Mutations

One of your tentacles has grown a beastly spike.
You cannot wear most types of armour.
You are amphibious.
You can wear up to eight rings at the same time.
Your skin changes colour to match your surroundings (Stealth+).
Your rubbery body absorbs attacks. (AC +1, EV +1)
You are camouflaged when in or above water. (Stealth+)
You have tentacles for arms and can constrict up to eight enemies at once.


Message History

You are engulfed in a cloud of soporific spores!
You fall asleep.
You lose your grip on the sleepcap.
The gnoll hits you with a +0 flail!!
You wake up.
Ouch! That really hurt!
* * * LOW HITPOINT WARNING * * *
Unknown command.
You tentacle-slap the sleepcap. You grab the sleepcap.
You pierce the sleepcap.
You tentacle-slap the sleepcap, but do no damage.
The sleepcap is severely damaged.
You constrict the sleepcap.
A hobgoblin comes into view.
The black bear splashes around in the water. x2
The black bear claws you but does no damage.
The sleepcap closely misses you. The gnoll hits you with a +0 flail.
* * * LOW HITPOINT WARNING * * *
Unknown command.
You tentacle-slap the sleepcap but do no damage.
You tentacle-slap the sleepcap, but do no damage.
The sleepcap is severely damaged.
Your transformation is almost over.
You constrict the sleepcap.
The gnoll splashes around in the water.
The black bear barely misses you.
The black bear splashes around in the water.
The black bear barely misses you.
The sleepcap splashes around in the water.
Unknown command.
You tentacle-slap the sleepcap.
You pierce the sleepcap, but do no damage.
The sleepcap is almost destroyed.
You constrict the sleepcap, but do no damage.
The howler monkey hoots and howls with incredible vigour!
The gnoll misses you.
You hear a shout!
You hear an angry hiss.
Unknown command.
You tentacle-slap the sleepcap. You squeeze the sleepcap.
You destroy the sleepcap!
Makhleb accepts your kill. The gnoll hits you with a +0 flail.
You die...

.......#....#....
..$......!.......
.................
h.....!....>.....
#...<........
#...#.gg#...
#...#g~~#
#...#hhg#
.....#~@÷#
......#~)~#
.....###~.~#
....# #~~÷# #~~~#
#~~~# #~$~# #...#
#....


You could see a black bear, a howler monkey (catching breath), 3 gnolls and a
hobgoblin.

Vanquished Creatures
  A scorpion (D:2)
  A sleepcap (D:4)
  An iguana (D:3)
  A gnoll (D:4)
  9 adders
  4 river rats (Sewer)
  3 worms (Sewer)
  A dart slug (D:1)
  2 orcs (D:3)
  12 bats
  4 endoplasms
  8 giant cockroaches
  9 goblins
  4 hobgoblins
  6 jackals
  5 kobolds
  7 quokkas
  5 ball pythons
  5 frilled lizards
  6 rats
94 creatures vanquished.

Notes
Turn   | Place    | Note
-------+----------+-------------------------------------------
     0 | D:1      | Hubris850 the Octopode Transmuter began the quest for the
                  | Orb.
     0 | D:1      | Reached XP level 1. HP: 13/13 MP: 3/3
   134 | D:1      | Reached XP level 2. HP: 14/18 MP: 5/5
   484 | D:1      | Found a faded altar of an unknown god.
   511 | D:1      | Reached XP level 3. HP: 23/23 MP: 4/6
  2098 | D:3      | Noticed a scorpion
  2114 | D:2      | Killed a scorpion
  2115 | D:2      | Reached skill level 1 in Ice Magic
  2115 | D:2      | Reached XP level 4. HP: 4/29 MP: 5/7
  2116 | D:2      | HP: 2/43 [poisoned by a scorpion]
  2334 | D:3      | Reached XP level 5. HP: 27/34 MP: 8/8
  2490 | D:3      | Learned a level 2 spell: Wereblood
  2560 | D:3      | Found a burning altar of Makhleb.
  2560 | D:3      | Noticed a cacodemon
  2563 | D:3      | Noticed a neqoxec
  2563 | D:3      | Noticed a ynoxinul
  2565 | D:3      | Became a worshipper of Makhleb the Destroyer
  2793 | D:4      | Found a glowing drain.
  2794 | D:4      | Noticed a black bear
  2841 | Sewer    | Entered a sewer
  3083 | Sewer    | Reached * piety under Makhleb
  3087 | Sewer    | Reached XP level 6. HP: 27/39 MP: 7/10
  3088 | Sewer    | Reached skill level 1 in Invocations
  3567 | D:4      | HP: 1/39 [gnoll/+0 flail (4)]
  3570 | D:4      | Slain by a gnoll

Illustrated notes

Levels and vault maps discovered:
D:1:      wheals_arrival_linesprint, layout_loops_cross,
          dreamdust_ecumenical_altar_hidden_monk_grotto,
          nicolae_kite_square_tiling_tiny, minmay_curled_crystal
D:2:      layout_basic, nicolae_hexahallways
D:3:      layout_rooms, makhleb_altar_promises_db
D:4:      layout_cave_pools, portal_sewer_entry_f

Skill      XL: |  1  2  3  4  5  6 |
---------------+-------------------+-----
Fighting       | 2 |  2.0
Ice Magic      | 1 2 |  2.2
Transmutations | 3 |  3.2
Dodging        | 3 |  3.1
Invocations    | 1 |  1.2
Spellcasting   | 3 |  3.0
Unarmed Combat | |  3.9

Action                     |  1- 3 |  4- 6 || total
---------------------------+-------+-------++-------
  Melee: Unarmed           |    81 |   139 ||   220
         Constrict         |    21 |    35 ||    56
         Tentacles         |    13 |    22 ||    35
         Punch             |     4 |     6 ||    10
         Kick              |     3 |    48 ||    51
   Cast: Beastly Appendage |     5 |    18 ||    23
         Wereblood         |       |     8 ||     8
    Use: Potion            |       |     3 ||     3
   Stab: Sleeping          |     5 |     7 ||    12
 Armour: Skin              |     8 |    13 ||    21
  Dodge: Dodged            |    46 |   117 ||   163

Table legend: (Time is in decaauts)
 A = Elapsed time spent in this place.
 B = Non-inter-level travel time spent in this place.
 C = Inter-level travel time spent in this place.
 D = Time resting spent in this place.
 E = Time spent auto-exploring this place.
 F = Levels seen in this place.
 G = Mean time per level.
                   A        B        C        D        E       F      G
               +--------+--------+--------+--------+--------+-----+--------+
         Total |   3556 |   3400 |    156 |    387 |   2102 |   5 |  711.2 |
       Dungeon |   2849 |   2693 |    156 |    185 |   2072 |   4 |  712.2 |
         Sewer |    706 |    706 |      0 |    202 |     30 |   1 |  706.0 |
               +--------+--------+--------+--------+--------+-----+--------+

Top non-repeatable levels by time:
     D:1: 1164 daAuts
     D:2: 1045 daAuts
   Sewer: 706 daAuts
     D:3: 575 daAuts
     D:4: 63 daAuts
